 Dungeon Crawl Stone Soup version 0.23-a0-767-gdc19b93 (webtiles) character file.

26 nono the Skirmisher (level 3, -1/33 HPs)
             Began as a Ghoul Fighter on Jan 19, 2019.
             Slain by an orc
             ... wielding a +0 hand axe
              (4 damage)
             ... on level 2 of the Dungeon.
             The game lasted 00:01:26 (935 turns).

nono the Skirmisher (Ghoul Fighter)                  Turns: 935, Time: 00:01:26

Health: -1/33      AC:  6    Str: 19    XL:     3   Next: 8%
Magic:  2/2        EV:  7    Int:  4    God:
Gold:   93         SH:  8    Dex:  8    Spells: 2/2 levels left

rFire    . . .     SeeInvis +     - Unarmed
rCold    + . .     Gourm    .   b - +0 shield
rNeg     + + +     Faith    .   a - +0 scale mail
rPois    ∞         Spirit   .   (no helmet)
rElec    .         Reflect  .   (no cloak)
rCorr    .         Harm     .   (no gloves)
MR       .....                  (no boots)
Stlth    ..........             (no amulet)
HPRegen  0.00/turn              j - ring of see invisible
MPRegen  0.08/turn              (no ring)

@: rotting
A: rotting body, claws 1, carnivore, cold resistance 1, negative energy
resistance 3, inhibited regeneration, torment resistance, unbreathing
a: no special abilities


You were on level 2 of the Dungeon.
You were not hungry.

You visited 1 branch of the dungeon, and saw 2 of its levels.

You collected 93 gold pieces.

Inventory:

Armour
 a - a +0 scale mail (worn)
 b - a +0 shield (worn)
Jewellery
 j - a ring of see invisible (left claw)
Scrolls
 e - a scroll of amnesia {unknown}
 f - a scroll of teleportation {unknown}
 g - 2 scrolls of remove curse {unknown}
 k - a scroll of random uselessness {unknown}
Potions
 c - a potion of might
 h - a potion of agility {unknown}
 i - a potion of curing {unknown}
Comestibles
 d - a ration


   Skills:
 + Level 3.6 Fighting
 + Level 3.0 Armour
 + Level 3.0 Shields
 + Level 2.6 Unarmed Combat


You had 2 spell levels left.
You didn't know any spells.
Your spell library was empty.

Dungeon Overview and Level Annotations

Branches:
Dungeon (2/15)

Altars:


Innate Abilities, Weirdness & Mutations

Your body is rotting away.
You thrive on raw meat.
You are immune to poison.
You have sharp fingernails.
You are carnivorous and can eat meat at any time.
Your flesh is cold resistant. (rC+)
You are immune to negative energy. (rN+++)
You do not regenerate when monsters are visible.
You are immune to unholy pain and torment.
You can survive without breathing.


Message History

2 orcs come into view.
The orc shouts! x2
You block the orc priest's attack.
You scratch the orc priest but do no damage.
The orc priest hits you with a +0 short sword.
You barely miss the orc priest.
The orc priest hits you but does no damage.
You closely miss the orc priest.
The orc priest hits you but does no damage.
You scratch the orc priest but do no damage.
The orc priest barely misses you. You block the orc's attack.
You scratch the orc priest but do no damage.
The orc priest hits you but does no damage.
You block the orc's attack. The orc hits you but does no damage.
You completely miss the orc priest.
The orc priest invokes the aid of Beogh against you.
Beogh smites you!
* * * LOW HITPOINT WARNING * * *
You block the orc's attack. The orc hits you with a +0 hand axe.
You die...

#########
###########.>.....#
#...........#####.#
#.###..####.#####.#
#....o@##......##.#
.....#oo##.#.##.##.#
##.#.........##.##.#
#.....#####.......#
#.###. ##...#### #
.. ####...#### ##
#..<......#
#.........#
#.........#


You could see an orc priest and 2 orcs.

Vanquished Creatures
  2 leopard geckos (D:1)
  2 giant cockroaches (D:1)
  A goblin (D:1)
  3 hobgoblins (D:1)
  4 jackals (D:1)
  A bat (D:1)
  3 frilled lizards (D:1)
  4 kobolds (D:1)
  2 rats (D:1)
22 creatures vanquished.

Notes
Turn   | Place    | Note
-------+----------+-------------------------------------------
     0 | D:1      | nono the Ghoul Fighter began the quest for the Orb.
     0 | D:1      | Reached XP level 1. HP: 19/19 MP: 0/0
   154 | D:1      | Reached XP level 2. HP: 22/26 MP: 1/1
   573 | D:1      | Reached XP level 3. HP: 32/33 MP: 2/2
   935 | D:2      | Slain by an orc

Vault maps used:
D:1:      giann_forest_graveyard, corexii_item_surrounded_by_moat, minivault_24
D:2:      lemuel_zombie_altar_yredelemnul, fiery_altar_vehumet,
          chequers_temple_overflow_statue_of_worship

Skill      XL: |  1  2 |
---------------+-------+-----
Shields        | 3 |  3.0
Armour         | 3 |  3.0
Fighting       | |  3.6
Unarmed Combat | |  2.6

Action                   || total
-------------------------++-------
Melee: Unarmed           ||   102
  Eat: Chunk             ||     6
Armor: Scale mail        ||    41
Dodge: Dodged            ||    31
Block: Shield            ||    49

Table legend:
 A = Non-vault XP
 B = Vault XP
 C = Vault XP percentage of total XP
 D = Non-vault monster count
 E = Vault monster count
 F = Vault count percentage of total count
                 A         B        C        D         E       F
            +---------+---------+-------+---------+---------+-------
      Total |      38 |       0 |   0.0 |      22 |       0 |   0.0
            +---------+---------+-------+---------+---------+-------
        D:1 |      38 |       0 |   0.0 |      22 |       0 |   0.0
            +---------+---------+-------+---------+---------+-------
